Map: King Sejong Station LE

Players

Miszu

  • Race: Protoss Protoss
  • League: Grandmaster

ZlaTaN - Winner!

  • Race: Zerg Zerg
  • League: Master

VOD

Have the link to the VOD?

Description

Time

  • Played on: May 26, 2016, 1:12 p.m.
  • Length: 2:49
Show
View Real Time Build Order
Export as new Build Order

Miszu Protoss 

Build Orders:  

Get SALT Encoding   

  12  0:01  Probe (Chrono Boost)  
  13  0:11  Probe (Chrono Boost)  
  14  0:21  Pylon  
  14  0:23  Probe (Chrono Boost)  
  15  0:40  Probe (Chrono Boost)  
  16  0:50  Probe (Chrono Boost)  
  16  0:52  Gateway  
  17  1:01  Probe (Chrono Boost)  
  18  1:17  Probe (Chrono Boost)  
  19  1:20  Pylon  
  19  1:27  Probe (Chrono Boost)  
  20  1:38  Probe (Chrono Boost)  
  23  1:40  Zealot (Chrono Boost)  
  23  1:49  Probe  
  24  1:54  Pylon  
  24  2:01  Probe  
  26  2:16  Probe  
  26  2:18  Pylon  
  26  2:21  Pylon  
  25  2:36  Probe  
Show
View Real Time Build Order
Export as new Build Order

ZlaTaN Zerg - Winner!

Build Orders: Pool Only 

Get SALT Encoding   

  12  0:18  Spawning Pool  
  12  0:21  Drone  
  12  0:25  Drone  
  13  0:36  Overlord  
  13  1:05  Zergling x6  
  16  1:19  Zergling x2  
  17  1:28  Zergling x2  
  18  1:43  Zergling x2  
  15  2:24  Zergling x4  
Tags
 
Add a new tag
Caveats
  • Supply blocks, unpowered buildings, or Contaminate may cause inaccurate times.
  • Supply counts are checked every 10 seconds.